[Event "XV South American-chW U20 2019"]
[Site "Asuncion"]
[Date "2019.05.15"]
[Round "7.6"]
[White "Lugo, Sabrina"]
[Black "Noronha Linares, Alessandra Fiorella"]
[Result "0-1"]
[ECO "D40"]
[WhiteElo "1092"]
[BlackElo "1506"]
[Annotator "NA RC"]
[PlyCount "94"]
[EventDate "2019.05.11"]
[EventType "swiss"]
[EventCountry "PAR"]
[SourceTitle "playchess.com"]
[Source "ChessBase"]
[SourceQuality "1"]
[TimeControl "5400+30"]

1. d4 Nf6 2. Bf4 e6 3. e3 d5 4. c4 c5 5. Nf3 Nc6 6. Nc3 dxc4 7. Bxc4 cxd4 8. exd4 Nb4 9. a3 Nbd5 10. Nxd5 Nxd5 11. Bxd5 Qxd5 12. O-O Be7 13. Re1 Bd6 14. Bxd6 Qxd6 15. Qd2 O-O 16. Rad1 Rd8 17. Qc3 b6 18. h3 Bb7 19. b4 Qf4 20. Qe3 Qd6 21. Qc3 Rac8 22. Qe3 h6 23. Ne5 Qd5 24. Nf3 Rc7 25. Rc1 Rdc8 26. Rxc7 Rxc7 27. Rc1 Rd7 28. Qe5 Qd6 29. Qxd6 Rxd6 30. Rd1 Bxf3 31. gxf3 Kf8 32. f4 Ke7 33. Kg2 Kd7 34. Kf3 Rd5 35. Rd3 a5 36. bxa5 bxa5 37. Ke2 a4 38. Kd2 Rb5 39. Kc2 Kd6 40. Kc3 Kd5 41. Re3 f6 42. Rg3 Rb3+ 43. Kd2 Rxg3 44. fxg3 Kxd4 45. Kc2 e5 46. fxe5 fxe5 47. Kd2 e4 0-1

[Event "XV South American-chW U20 2019"]
[Site "Asuncion"]
[Date "2019.05.16"]
[Round "8.1"]
[White "Noronha Linares, Alessandra Fiorella"]
[Black "Gomez Barrera, Javiera Belen"]
[Result "0-1"]
[ECO "C44"]
[WhiteElo "1506"]
[BlackElo "2092"]
[Annotator "NA RC"]
[PlyCount "56"]
[EventDate "2019.05.11"]
[EventType "swiss"]
[EventCountry "PAR"]
[SourceTitle "playchess.com"]
[Source "ChessBase"]
[SourceQuality "1"]
[TimeControl "5400+30"]

1. e4 e5 2. Nf3 Nc6 3. c3 d5 4. Qa4 Qd6 5. Bb5 Bd7 6. exd5 Qxd5 7. O-O Be7 8. Re1 Nf6 9. d4 e4 10. c4 Qf5 11. Bxc6 $11 Bxc6 12. Qc2 O-O 13. d5 Bd7 14. Nd4 Qg6 15. Ne2 Rae8 16. Nf4 Qf5 17. Nc3 Bd6 18. Nce2 e3 19. Qxf5 exf2+ 20. Kxf2 Bc5+ 21. Kf1 Bxf5 22. h3 g5 23. Ng3 Bc2 24. Nfe2 h6 25. Bd2 Bd3 26. Bc3 Ne4 27. Nxe4 Rxe4 28. b4 Rf4# 0-1

[Event "XV South American-chW U20 2019"]
[Site "Asuncion"]
[Date "2019.05.16"]
[Round "8.2"]
[White "Puppi Lazo, Stephanie Beatriz"]
[Black "Sanchez Tobar, Francisca Valenti"]
[Result "1-0"]
[ECO "C50"]
[WhiteElo "1955"]
[BlackElo "1790"]
[Annotator "NA RC"]
[PlyCount "65"]
[EventDate "2019.05.11"]
[EventType "swiss"]
[EventCountry "PAR"]
[SourceTitle "playchess.com"]
[Source "ChessBase"]
[SourceQuality "1"]
[TimeControl "5400+30"]

1. e4 e5 2. Nf3 Nc6 3. Bc4 Bc5 4. Nc3 Nf6 5. d3 d6 6. Bg5 h6 7. Bxf6 Qxf6 8. Nd5 Qd8 9. c3 Be6 (9... Ne7 $11 {keeps the balance.}) 10. O-O {C50: Hungarian Defence and Giuoco Pianissimo} (10. d4 $16 exd4 11. cxd4) (10. b4 Bb6 11. a4 a6 12. Nxb6 cxb6 13. Qb3 Qf6 14. Nd2 O-O 15. O-O Bd7 16. Bd5 Qg5 17. Nc4 Bh3 {1-0 (60) Lobanov,S (2482)-Gurjevskoy,D (2175) St Petersburg 2018}) 10... a6 11. d4 Ba7 12. Ne3 $146 ({Predecessor:} 12. dxe5 dxe5 13. Qe2 Na5 14. Nxe5 Qd6 15. Qh5 O-O-O 16. b4 g5 17. Nxf7 Bxf7 {0-1 (35) Scragg,C (1002)-Laine,J (1816) LSS email 2013}) 12... Bxc4 13. Nxc4 Qe7 ({Black should try} 13... exd4 $11 14. cxd4 (14. Nxd4 Nxd4 15. cxd4 O-O $11) 14... Qf6) 14. d5 Nb8 15. Na5 Bb6 16. Nc4 Nd7 17. Nxb6 Nxb6 18. Nd2 g5 19. c4 h5 20. b4 Nd7 21. Rc1 b6 22. Rc3 f6 23. Qe2 Kf7 24. Rfc1 a5 25. a3 Rag8 26. Nf1 axb4 27. axb4 Ra8 28. Ng3 g4 29. Nf5 Qf8 30. h3 Qg8 31. h4 Ra4 32. c5 Qf8 33. Qb5 1-0

[Event "XV South American-chW U20 2019"]
[Site "Asuncion"]
[Date "2019.05.16"]
[Round "8.3"]
[White "Bail, Ellen Larissa"]
[Black "Malan, Lucia"]
[Result "1-0"]
[ECO "D78"]
[WhiteElo "1876"]
[BlackElo "1880"]
[Annotator "NA RC"]
[PlyCount "79"]
[EventDate "2019.05.11"]
[EventType "swiss"]
[EventCountry "PAR"]
[SourceTitle "playchess.com"]
[Source "ChessBase"]
[SourceQuality "1"]
[TimeControl "5400+30"]

1. d4 d5 2. Nf3 Nf6 3. g3 g6 4. Bg2 Bg7 5. O-O O-O 6. c4 c6 7. Nc3 a5 8. cxd5 cxd5 9. Qb3 Nc6 10. Bf4 Nh5 11. Bg5 h6 12. Be3 e6 13. a4 Nb4 14. Bd2 Bd7 15. Rfc1 Qe7 16. Na2 Nxa2 17. Rxa2 Bc6 18. Rc5 $14 Bxd4 19. Rxc6 Bxf2+ 20. Kxf2 bxc6 21. Bxh6 Qc5+ 22. Be3 Qb4 23. Qxb4 axb4 24. b3 Nf6 25. Ne5 Rfc8 26. Rc2 Ra6 27. Bc5 Rb8 28. Be7 Kg7 29. Nxc6 Ng4+ 30. Kg1 Rc8 31. Nxb4 Rxc2 32. Nxc2 Rc6 33. Ne1 Rc1 34. Bb4 Ne3 35. Bd2 Nxg2 36. Bxc1 Nxe1 37. b4 Kf8 38. a5 Nc2 39. a6 Nd4 40. a7 1-0

[Event "XV South American-chW U20 2019"]
[Site "Asuncion"]
[Date "2019.05.16"]
[Round "8.4"]
[White "Molina, Jessica"]
[Black "Oviedo Acosta, Paula"]
[Result "1/2-1/2"]
[ECO "A65"]
[WhiteElo "1842"]
[BlackElo "1543"]
[Annotator "NA RC"]
[PlyCount "79"]
[EventDate "2019.05.11"]
[EventType "swiss"]
[EventCountry "PAR"]
[SourceTitle "playchess.com"]
[Source "ChessBase"]
[SourceQuality "1"]
[TimeControl "5400+30"]

1. d4 Nf6 2. c4 c5 3. d5 e6 4. Nc3 exd5 5. cxd5 d6 6. e4 g6 7. Nge2 Bg7 8. Ng3 O-O 9. f3 a6 10. a4 Nbd7 11. Be2 Re8 {A65: Modern Benoni: 6 e4} (11... Ne8 12. Bf4 Rb8 13. O-O c4 14. Bxc4 Qb6+ 15. Rf2 Bd4 16. Qd2 Ne5 17. Bf1 Bxf2+ 18. Qxf2 Qxf2+ 19. Kxf2 {½-½ (32) Carlsen,M (2835)-Nepomniachtchi,I (2763) Wijk aan Zee 2019}) 12. O-O Nf8 13. Bg5 h6 14. Be3 h5 15. Qd2 Bd7 $146 ({Predecessor:} 15... N8h7 16. Bc4 b6 17. h3 h4 18. Nge2 Nh5 19. Rab1 f5 20. b4 Qf6 21. bxc5 bxc5 22. exf5 Bxf5 {1-0 (34) Cabrera Pino,A (2525)-Bergez,L (2395) Barbera del Valles 2013}) 16. Rae1 Rb8 17. Bg5 b5 18. axb5 axb5 19. Kh1 N8h7 20. Bh4 (20. Bf4 $15) 20... b4 21. Nd1 Nxe4 $1 {Discovered Attack} 22. Nxe4 Qxh4 23. g3 Qe7 24. Bc4 Qf8 25. Kg2 Nf6 26. Ndf2 Bb5 27. Bxb5 Rxb5 28. Nxf6+ $15 Bxf6 29. Rxe8 Qxe8 30. Ne4 Qd8 31. Re1 Bg7 32. Qe2 Rb6 33. Nd2 Rb8 34. Nc4 Qf6 35. Qe7 Rd8 36. b3 Qxe7 37. Rxe7 Bf6 38. Ra7 Kg7 39. f4 Kf8 40. Kf3 1/2-1/2

[Event "XV South American-chW U20 2019"]
[Site "Asuncion"]
[Date "2019.05.16"]
[Round "8.5"]
[White "Lugo, Sabrina"]
[Black "Duarte Laconich, Jazmin"]
[Result "0-1"]
[ECO "D00"]
[WhiteElo "1092"]
[BlackElo "1263"]
[Annotator "NA RC"]
[PlyCount "62"]
[EventDate "2019.05.11"]
[EventType "swiss"]
[EventCountry "PAR"]
[SourceTitle "playchess.com"]
[Source "ChessBase"]
[SourceQuality "1"]
[TimeControl "5400+30"]

1. d4 Nf6 2. Bf4 d5 3. e3 e6 4. c4 Bd6 5. Bg3 c5 6. dxc5 Bxc5 7. cxd5 Nxd5 8. Bb5+ Bd7 9. Bxd7+ Nxd7 10. a3 Qa5+ 11. Qd2 Bb4 12. axb4 Qxa1 13. Qd1 Qxb2 14. Bd6 Rc8 15. Ne2 Rc2 16. Bc5 Nxc5 17. bxc5 Rxe2+ 18. Qxe2 Qxb1+ 19. Qd1 Qb4+ 20. Qd2 Qxc5 21. O-O O-O 22. Rc1 Qe7 23. Qb2 b6 24. Ra1 Qb7 25. h3 Ra8 26. Qd4 h6 27. Rc1 a5 28. Ra1 b5 29. Qc5 Qb6 30. Qc2 b4 31. Qb3 Nc3 0-1

[Event "XV South American-chW U20 2019"]
[Site "Asuncion"]
[Date "2019.05.16"]
[Round "8.6"]
[White "Campos, Maria Jose"]
[Black "Lugo, Tatiana"]
[Result "1-0"]
[ECO "A16"]
[WhiteElo "2012"]
[BlackElo "1310"]
[Annotator "NA RC"]
[PlyCount "43"]
[EventDate "2019.05.11"]
[EventType "swiss"]
[EventCountry "PAR"]
[SourceTitle "playchess.com"]
[Source "ChessBase"]
[SourceQuality "1"]
[TimeControl "5400+30"]

1. c4 Nf6 2. g3 g6 3. Bg2 Nc6 4. Nc3 Bg7 5. d3 O-O 6. e4 d6 7. Nge2 Bg4 8. h3 Bd7 9. O-O e5 10. Be3 h6 11. Qd2 Kh7 12. f4 Qe7 13. Rf2 a6 14. Raf1 Rae8 15. fxe5 Nxe5 16. Rxf6 Bxf6 17. Nd5 Qd8 18. Nxf6+ Kh8 19. Bxh6 Rg8 20. Qg5 Rg7 21. Qh4 Re6 22. Bg5+ 1-0

[Event "XV South American-chW U20 2019"]
[Site "Asuncion"]
[Date "2019.05.17"]
[Round "9.1"]
[White "Gomez Barrera, Javiera Belen"]
[Black "Lugo, Sabrina"]
[Result "*"]
[ECO "C54"]
[WhiteElo "2092"]
[BlackElo "1092"]
[Annotator "NA RC"]
[PlyCount "43"]
[EventDate "2019.05.11"]
[EventType "swiss"]
[EventCountry "PAR"]
[SourceTitle "playchess.com"]
[Source "ChessBase"]
[SourceQuality "1"]
[TimeControl "5400+30"]

1. e4 e5 2. Nf3 Nc6 3. Bc4 Bc5 4. O-O Nf6 $11 5. d3 O-O 6. c3 d6 7. a4 a5 8. Bg5 h6 9. Bh4 Bd7 10. Na3 Bb6 11. Nc2 Re8 12. Ne3 Nb8 13. Nd5 g5 14. Nxb6 cxb6 15. Nxg5 hxg5 16. Bxg5 Kg7 17. f4 exf4 18. Rxf4 Qc7 19. Bxf6+ Kg6 20. Qh5+ Kxh5 21. Bxf7+ Kh6 22. Rh4# *

[Event "XV South American-chW U20 2019"]
[Site "Asuncion"]
[Date "2019.05.17"]
[Round "9.2"]
[White "Oviedo Acosta, Paula"]
[Black "Puppi Lazo, Stephanie Beatriz"]
[Result "0-1"]
[ECO "B96"]
[WhiteElo "1543"]
[BlackElo "1955"]
[Annotator "NA RC"]
[PlyCount "74"]
[EventDate "2019.05.11"]
[EventType "swiss"]
[EventCountry "PAR"]
[SourceTitle "playchess.com"]
[Source "ChessBase"]
[SourceQuality "1"]
[TimeControl "5400+30"]

1. e4 c5 2. Nf3 d6 3. d4 cxd4 4. Nxd4 Nf6 5. Nc3 a6 6. Bg5 e6 7. f4 h6 8. Bh4 Qb6 9. a3 Nc6 10. Bf2 Qc7 11. Qf3 e5 12. Nxc6 bxc6 13. fxe5 Ng4 14. Bd3 Nxf2 15. Qxf2 dxe5 16. Bc4 Bd6 17. O-O O-O 18. Kh1 Qe7 19. Na4 Be6 20. Bxe6 Qxe6 21. Rad1 Rab8 22. Qe2 Be7 23. Qd3 Rbd8 24. Qc3 Qg4 25. Qf3 Qg6 26. Rd3 Rd4 27. Rxd4 exd4 28. Qd3 c5 29. b4 cxb4 30. axb4 Qc6 31. Ra1 Rc8 32. Nc5 Bxc5 33. bxc5 Qxc5 34. Rxa6 Qxc2 35. Qf1 Qc1 36. Ra1 Qxf1+ 37. Rxf1 d3 0-1

[Event "XV South American-chW U20 2019"]
[Site "Asuncion"]
[Date "2019.05.17"]
[Round "9.3"]
[White "Malan, Lucia"]
[Black "Molina, Jessica"]
[Result "1-0"]
[ECO "C06"]
[WhiteElo "1880"]
[BlackElo "1842"]
[Annotator "NA RC"]
[PlyCount "70"]
[EventDate "2019.05.11"]
[EventType "swiss"]
[EventCountry "PAR"]
[SourceTitle "playchess.com"]
[Source "ChessBase"]
[SourceQuality "1"]
[TimeControl "5400+30"]

1. e4 e6 2. d4 d5 3. Nd2 Nf6 4. e5 Nfd7 5. Bd3 c5 6. c3 Nc6 7. Ne2 c4 8. Bb1 b5 9. O-O Be7 10. f4 f6 11. exf6 Nxf6 12. Nf3 O-O 13. Ng3 Qe8 14. Qc2 a5 15. Ne5 g6 16. h4 Nxe5 17. fxe5 Nd7 18. Rxf8+ Nxf8 19. Bg5 Bxg5 20. hxg5 Ra7 21. Qd2 Rb7 22. Nh1 b4 23. Nf2 bxc3 24. bxc3 Qb5 25. Ng4 Kf7 26. Bc2 Ke8 27. Rb1 Qc6 28. Rf1 Rf7 29. Rxf7 Kxf7 30. Qf4+ Ke8 31. Nh6 Qd7 32. Ng8 Qf7 33. Nf6+ Kd8 34. Qc1 Qc7 35. Qa3 Nd7 1-0

[Event "XV South American-chW U20 2019"]
[Site "Asuncion"]
[Date "2019.05.17"]
[Round "9.4"]
[White "Duarte Laconich, Jazmin"]
[Black "Campos, Maria Jose"]
[Result "0-1"]
[ECO "A37"]
[WhiteElo "1263"]
[BlackElo "2012"]
[Annotator "NA RC"]
[PlyCount "58"]
[EventDate "2019.05.11"]
[EventType "swiss"]
[EventCountry "PAR"]
[SourceTitle "playchess.com"]
[Source "ChessBase"]
[SourceQuality "1"]
[TimeControl "5400+30"]

1. Nf3 c5 2. c4 Nc6 3. g3 g6 4. Bg2 Bg7 5. O-O e5 6. d3 Nge7 7. Nc3 O-O 8. Rb1 h6 9. Bd2 d6 10. a3 a5 11. Ne1 Be6 12. Nc2 d5 13. b3 Kh7 14. cxd5 Nxd5 15. Ne3 Nde7 16. Na4 b6 17. b4 cxb4 18. axb4 b5 19. Nc5 Ba2 20. Rb2 axb4 21. Bxb4 e4 22. d4 Qxd4 23. Rxa2 Rxa2 24. Qxd4 Bxd4 25. Rb1 Nxb4 26. Rxb4 Bxc5 27. Rxb5 Bxe3 28. fxe3 Rxe2 29. Re5 Nf5 0-1

[Event "XV South American-chW U20 2019"]
[Site "Asuncion"]
[Date "2019.05.17"]
[Round "9.5"]
[White "Sanchez Tobar, Francisca Valenti"]
[Black "Noronha Linares, Alessandra Fiorella"]
[Result "1-0"]
[ECO "B90"]
[WhiteElo "1790"]
[BlackElo "1506"]
[Annotator "NA RC"]
[PlyCount "103"]
[EventDate "2019.05.11"]
[EventType "swiss"]
[EventCountry "PAR"]
[SourceTitle "playchess.com"]
[Source "ChessBase"]
[SourceQuality "1"]
[TimeControl "5400+30"]

1. e4 c5 2. Nf3 d6 3. d4 cxd4 4. Nxd4 Nf6 5. Nc3 a6 6. f3 Nc6 7. Be3 e5 8. Nb3 Be6 9. Qd2 d5 10. exd5 Nxd5 11. Nxd5 Qxd5 12. O-O-O O-O-O 13. Bd3 Nb4 14. Qc3+ Qc6 15. Qxc6+ Nxc6 16. Bb6 Rd5 17. a3 Be7 18. Rhe1 Bd8 19. Be3 Be7 20. Rd2 Kc7 21. Red1 h5 22. Be2 Rxd2 23. Nxd2 f5 24. Bc4 Bc8 25. Bd5 b5 26. Nb3 f4 27. Bf2 g5 28. Re1 Bd6 29. Nc5 Re8 30. Ne4 Be7 31. Rd1 g4 32. c4 bxc4 33. Bxc4 Rd8 34. Rxd8 Bxd8 35. Nc5 a5 36. Kd2 Be7 37. Ne4 Bf5 38. Nc3 Bd8 39. Nd5+ Kd6 40. Nc3 gxf3 41. gxf3 Kc7 42. Bd3 Be6 43. Be4 Kd7 44. Kd3 Kc7 45. Na4 Bh3 46. Nc5 Kc8 47. Kc4 Bf1+ 48. Kc3 Be2 49. Kd2 Bf1 50. Ne6 Kd7 51. Nxd8 Kxd8 52. Bh4+ 1-0

[Event "XV South American-chW U20 2019"]
[Site "Asuncion"]
[Date "2019.05.17"]
[Round "9.6"]
[White "Lugo, Tatiana"]
[Black "Bail, Ellen Larissa"]
[Result "0-1"]
[ECO "D02"]
[WhiteElo "1310"]
[BlackElo "1876"]
[Annotator "NA RC"]
[PlyCount "60"]
[EventDate "2019.05.11"]
[EventType "swiss"]
[EventCountry "PAR"]
[SourceTitle "playchess.com"]
[Source "ChessBase"]
[SourceQuality "1"]
[TimeControl "5400+30"]

1. d4 d5 2. Bf4 Nf6 3. e3 e6 4. Nf3 Be7 5. Bd3 O-O 6. h3 c5 7. c3 b6 8. O-O Bb7 9. Ne5 Nbd7 10. Nd2 Re8 11. Qf3 Nxe5 12. dxe5 Nd7 13. Qg4 f5 14. exf6 Bxf6 15. Nf3 e5 16. Bf5 Nf8 17. Bg3 Kh8 18. h4 g6 19. Bc2 Bc8 20. Qa4 e4 21. Nh2 Bxh4 22. Bxh4 Qxh4 23. Rfd1 Re5 24. g3 Qh3 25. Rd2 Rh5 26. f3 exf3 27. Rf1 Qxg3+ 28. Kh1 Bh3 29. Rff2 Bg2+ 30. Rxg2 Qe1+ 0-1